MWL
WAUSAU TIMBERS @ CLINTON PILOTS
06/07/1982
 
TOP OF THE 1ST
Wausau Timbers batting - Pitching for Clinton Pilots : RHP Richard Patterson
Pitching: RHP Richard Patterson
Batting: RHB John Nicolo 0-0: Ball
1-0: Ball
2-0: Foul Ball, location: 2F
2-1: Ground out 4-3 (Groundball, 4, EV 105.0 MPH)
Batting: LHB Rodney Nealeigh 0-0: Foul Ball, location: 2F
0-1: Called Strike
0-2: Strikes out swinging
Batting: RHB Rich Renteria 0-0: Ball
1-0: Ground out 4-3 (Groundball, 4, EV 107.5 MPH)
Top of the 1st over - 0 runs, 0 hits, 0 errors, 0 left on base; Wausau 0 - Clinton 0
BOTTOM OF THE 1ST
Clinton Pilots batting - Pitching for Wausau Timbers : LHP Stanley Osterbur
Pitching: LHP Stanley Osterbur
Batting: RHB Danny Chairez 0-0: Ball
1-0: Ball
2-0: Ball
3-0: Called Strike
3-1: Foul Ball, location: 2F
3-2: Foul Ball, location: 2F
3-2: SINGLE (Line Drive, 78M, EV 96.9 MPH)
Batting: RHB Alberto Reyes 0-0: Ball
1-0: Ball
2-0: Ball
3-0: Base on Balls
Danny Chairez to second
Batting: SHB Alan Regier 0-0: Ball
1-0: Swinging Strike
1-1: Foul Ball, location: 2F
1-2: Strikes out swinging
Batting: RHB Abe Rael 0-0: Swinging Strike
0-1: Ball
1-1: Ground out U3 (Groundball, 3S, EV 71.3 MPH)
Danny Chairez to third
Alberto Reyes to second
Batting: RHB Joseph Rietano 0-0: Fly out, F8 (Flyball, 8LM, EV 83.8 MPH)
Bottom of the 1st over - 0 runs, 1 hit, 0 errors, 2 left on base; Wausau 0 - Clinton 0
TOP OF THE 2ND
Wausau Timbers batting - Pitching for Clinton Pilots : RHP Richard Patterson
Batting: SHB Herman Lewis 0-0: Ball
1-0: Foul Ball, location: 2F
1-1: Foul Ball, location: 2F
1-2: Fly out, F8 (Flyball, 8LS, EV 86.3 MPH)
Batting: LHB Ricky Seilheimer 0-0: Ball
1-0: Called Strike
1-1: Foul Ball, location: 2F
1-2: Ball
2-2: Strikes out looking
Batting: LHB Jerry Morton 0-0: Ground out U3 (Groundball, 3, EV 83.1 MPH)
Top of the 2nd over - 0 runs, 0 hits, 0 errors, 0 left on base; Wausau 0 - Clinton 0
BOTTOM OF THE 2ND
Clinton Pilots batting - Pitching for Wausau Timbers : LHP Stanley Osterbur
Batting: RHB Barry Siebert 0-0: Ball
1-0: Called Strike
1-1: Foul Ball, location: 2F
1-2: Fly out, F8 (Flyball, 8RS, EV 90.6 MPH)
Batting: RHB Tom Riley 0-0: Ball
1-0: Swinging Strike
1-1: Ball
2-1: Ball
3-1: Foul Ball, location: 2F
3-2: Foul Ball, location: 2F
3-2: Foul Ball, location: 2F
3-2: Base on Balls
Batting: RHB Mark Parent 0-0: Foul Ball, location: 2F
0-1: Ball
1-1: Swinging Strike
1-2: Strikes out swinging
Batting: LHB Epifano Martinez 0-0: Ball
1-0: Ground out 4-3 (Groundball, 4MS, EV 80.0 MPH)
Bottom of the 2nd over - 0 runs, 0 hits, 0 errors, 1 left on base; Wausau 0 - Clinton 0
TOP OF THE 3RD
Wausau Timbers batting - Pitching for Clinton Pilots : RHP Richard Patterson
Batting: RHB Bruce Chaney 0-0: Ball
1-0: Swinging Strike
1-1: Called Strike
1-2: Strikes out swinging
Batting: RHB Jeffrey Young 0-0: Fly out, F9 (Line Drive, 9, EV 89.4 MPH)
Batting: RHB John Pignotti 0-0: Called Strike
0-1: Ball
1-1: Ball
2-1: Fly out, F9 (Line Drive, 9, EV 98.1 MPH)
Top of the 3rd over - 0 runs, 0 hits, 0 errors, 0 left on base; Wausau 0 - Clinton 0
BOTTOM OF THE 3RD
Clinton Pilots batting - Pitching for Wausau Timbers : LHP Stanley Osterbur
Batting: RHB Danny Chairez 0-0: Ground out 5-3 (Groundball, 56S, EV 62.5 MPH)
Batting: RHB Alberto Reyes 0-0: Ball
1-0: Swinging Strike
1-1: Fly out, F8 (Line Drive, 8LM, EV 94.4 MPH)
Batting: SHB Alan Regier 0-0: Swinging Strike
0-1: Foul Ball, location: 2F
0-2: Ball
1-2: Foul Ball, location: 2F
1-2: Ball
2-2: Foul Ball, location: 2F
2-2: Strikes out swinging
Bottom of the 3rd over - 0 runs, 0 hits, 0 errors, 0 left on base; Wausau 0 - Clinton 0
TOP OF THE 4TH
Wausau Timbers batting - Pitching for Clinton Pilots : RHP Richard Patterson
Batting: RHB John Nicolo 0-0: Ball
1-0: Ball
2-0: Called Strike
2-1: Called Strike
2-2: Ground out 4-3 (Groundball, 4, EV 78.8 MPH)
Batting: LHB Rodney Nealeigh 0-0: TRIPLE (Line Drive, 89XD, EV 100.6 MPH)
Batting: RHB Rich Renteria 0-0: Called Strike
0-1: Reached on error, E5 (Groundball, 56, EV 101.3 MPH)
Rodney Nealeigh scores
Batting: SHB Herman Lewis 0-0: Ball
1-0: Ball
Wild Pitch!
Rich Renteria to second
2-0: Called Strike
2-1: Foul Ball, location: 2F
2-2: Ball
3-2: Fly out, F7 (Flyball, 7D, EV 108.8 MPH)
Runner from 2nd tags up, SAFE at 3rd, no throw by LF
Batting: LHB Ricky Seilheimer 0-0: Called Strike
0-1: Ball
1-1: Foul Ball, location: 2F
1-2: Ball
2-2: Foul Ball, location: 2F
2-2: Foul Ball, location: 2F
2-2: Fly out, F1 (Line Drive, P, EV 68.8 MPH)
Top of the 4th over - 1 run, 1 hit, 1 error, 1 left on base; Wausau 1 - Clinton 0
BOTTOM OF THE 4TH
Clinton Pilots batting - Pitching for Wausau Timbers : LHP Stanley Osterbur
Batting: RHB Abe Rael 0-0: Called Strike
0-1: Fly out, F3 (Flyball, 3D, EV 75.6 MPH)
Batting: RHB Joseph Rietano 0-0: Ball
1-0: Ball
2-0: Ball
3-0: Base on Balls
Batting: RHB Barry Siebert 0-0: Ball
1-0: Ball
2-0: Fielders Choice at 2nd, 6-4 (Groundball, 6, EV 81.9 MPH)
Batting: RHB Tom Riley 0-0: Called Strike
Barry Siebert is caught stealing 2nd base 2-4
Bottom of the 4th over - 0 runs, 0 hits, 0 errors, 0 left on base; Wausau 1 - Clinton 0
TOP OF THE 5TH
Wausau Timbers batting - Pitching for Clinton Pilots : RHP Richard Patterson
Batting: LHB Jerry Morton 0-0: Called Strike
0-1: Swinging Strike
0-2: Foul Ball, location: 2F
0-2: Ball
1-2: Strikes out swinging
Batting: RHB Bruce Chaney 0-0: Fly out, F8 (Flyball, 78D, EV 97.5 MPH)
Batting: RHB Jeffrey Young 0-0: Ground out 6-3 (Groundball, 6, EV 89.4 MPH)
Top of the 5th over - 0 runs, 0 hits, 0 errors, 0 left on base; Wausau 1 - Clinton 0
BOTTOM OF THE 5TH
Clinton Pilots batting - Pitching for Wausau Timbers : LHP Stanley Osterbur
Batting: RHB Tom Riley 0-0: Ball
1-0: Ball
2-0: Ball
3-0: Base on Balls
Batting: RHB Mark Parent 0-0: Bunted foul
0-1: Ball
1-1: Bunt missed!
1-2: Foul Ball, location: 2F
1-2: Ball
2-2: Ball
3-2: Foul Ball, location: 2F
3-2: 2-RUN HOME RUN (Line Drive, 7D, EV 103.1 MPH), Distance : 365 ft
Batting: LHB Epifano Martinez 0-0: Called Strike
0-1: SINGLE (Line Drive, 56D, EV 106.3 MPH)
Batting: RHB Danny Chairez 0-0: Bunt missed!
0-1: Ball
1-1: Ball
2-1: Bunt missed!
2-2: Ball
3-2: Foul Ball, location: 2F
3-2: Fly out, F9 (Flyball, 9S, EV 85.6 MPH)
Batting: RHB Alberto Reyes 0-0: Ball
1-0: Called Strike
1-1: Ball
2-1: DOUBLE (Line Drive, 9LD, EV 109.4 MPH)
Epifano Martinez to third
Runner from 3rd tries for Home, throw by RF and OUT! 9-4-2
Batting: SHB Alan Regier 0-0: Foul Ball, location: 2F
0-1: Ground out 6-3 (Groundball, 6, EV 97.5 MPH)
Bottom of the 5th over - 2 runs, 3 hits, 0 errors, 1 left on base; Wausau 1 - Clinton 2
TOP OF THE 6TH
Wausau Timbers batting - Pitching for Clinton Pilots : RHP Richard Patterson
Batting: RHB John Pignotti 0-0: Ball
1-0: Ball
2-0: Foul Ball, location: 2F
2-1: Ground out 6-3 (Groundball, 6, EV 98.8 MPH)
Batting: RHB John Nicolo 0-0: Called Strike
0-1: SINGLE (Groundball, 6D, EV 106.3 MPH)
Batting: LHB Rodney Nealeigh 0-0: Fielders Choice at 2nd, U6 (Groundball, 4M, EV 83.8 MPH)
Batting: RHB Rich Renteria 0-0: SINGLE (Groundball, 4M, EV 90.0 MPH) (infield hit)
Rodney Nealeigh to second
Batting: SHB Herman Lewis 0-0: Ball
1-0: Foul Ball, location: 2F
1-1: Called Strike
1-2: Fly out, F8 (Flyball, 8LD, EV 103.8 MPH)
Top of the 6th over - 0 runs, 2 hits, 0 errors, 2 left on base; Wausau 1 - Clinton 2
BOTTOM OF THE 6TH
Clinton Pilots batting - Pitching for Wausau Timbers : LHP Stanley Osterbur
Batting: RHB Abe Rael 0-0: Ball
1-0: Called Strike
1-1: Ball
2-1: Ground out 5-3 (Groundball, 56, EV 83.1 MPH)
Batting: RHB Joseph Rietano 0-0: Foul Ball, location: 2F
0-1: Foul Ball, location: 2F
0-2: Strikes out swinging
Batting: RHB Barry Siebert 0-0: SINGLE (Line Drive, 56D, EV 108.8 MPH)
Batting: RHB Tom Riley 0-0: Called Strike
0-1: Ball
1-1: Ball
2-1: Foul Ball, location: 2F
2-2: Foul Ball, location: 2F
2-2: Ground out U3 (Groundball, 34, EV 101.3 MPH)
Bottom of the 6th over - 0 runs, 1 hit, 0 errors, 1 left on base; Wausau 1 - Clinton 2
TOP OF THE 7TH
Wausau Timbers batting - Pitching for Clinton Pilots : RHP Richard Patterson
Batting: LHB Ricky Seilheimer 0-0: Ball
1-0: Called Strike
1-1: Swinging Strike
1-2: Fly out, F8 (Flyball, 8LS, EV 79.4 MPH)
Batting: LHB Jerry Morton 0-0: Ball
1-0: Called Strike
1-1: SINGLE (Groundball, 56D, EV 104.4 MPH)
Pinch Hitting: SHB James Flores 0-0: Ball
1-0: Swinging Strike
1-1: Ball
Jerry Morton is caught stealing 2nd base 2-6
2-1: Swinging Strike
2-2: Strikes out swinging
Top of the 7th over - 0 runs, 1 hit, 0 errors, 0 left on base; Wausau 1 - Clinton 2
BOTTOM OF THE 7TH
Clinton Pilots batting - Pitching for Wausau Timbers : LHP Stanley Osterbur
Now at 3B: James Flores
Batting: RHB Mark Parent 0-0: Fly out, F6 (Line Drive, 6, EV 64.4 MPH)
Batting: LHB Epifano Martinez 0-0: Ball
1-0: Ground out U3 (Groundball, 3, EV 83.1 MPH)
Batting: RHB Danny Chairez 0-0: Ball
1-0: Ball
2-0: Ball
3-0: Base on Balls
Batting: RHB Alberto Reyes 0-0: Ground out 4-3 (Groundball, 34, EV 78.1 MPH)
Bottom of the 7th over - 0 runs, 0 hits, 0 errors, 1 left on base; Wausau 1 - Clinton 2
TOP OF THE 8TH
Wausau Timbers batting - Pitching for Clinton Pilots : RHP Richard Patterson
Batting: RHB Jeffrey Young 0-0: Swinging Strike
0-1: Ball
1-1: SINGLE (Line Drive, 34D, EV 97.5 MPH)
Batting: RHB John Pignotti 0-0: Ball
1-0: Bunted foul
1-1: Bunted foul
1-2: Ball
2-2: Ball
3-2: Ground out 5-3 (Groundball, 5, EV 78.8 MPH)
Jeffrey Young to second
Pinch Hitting: RHB Douglas Davis 0-0: Ball
1-0: Called Strike
1-1: Called Strike
1-2: Strikes out looking
Batting: LHB Rodney Nealeigh 0-0: Called Strike
0-1: Ball
1-1: Foul Ball, location: 2F
1-2: Strikes out swinging
Top of the 8th over - 0 runs, 1 hit, 0 errors, 1 left on base; Wausau 1 - Clinton 2
BOTTOM OF THE 8TH
Clinton Pilots batting - Pitching for Wausau Timbers : LHP Stanley Osterbur
Now at SS: Harry Mauch
Batting: SHB Alan Regier 0-0: Called Strike
0-1: Called Strike
0-2: Ball
1-2: DOUBLE (Line Drive, 9LM, EV 111.9 MPH)
Batting: RHB Abe Rael 0-0: Intentional Walk
Pitching: RHP Robert Mettler
Batting: RHB Joseph Rietano 0-0: Called Strike
0-1: Ball
1-1: Foul Ball, location: 2F
1-2: Ball
2-2: Grounds into double play, 6-4-3 (Groundball, 6, EV 85.6 MPH)
Alan Regier to third
Batting: RHB Barry Siebert 0-0: Ball
1-0: Ball
2-0: Ball
3-0: Base on Balls
Batting: RHB Tom Riley 0-0: Ball
1-0: Ground out 5-3 (Groundball, 56S, EV 66.3 MPH)
Bottom of the 8th over - 0 runs, 1 hit, 0 errors, 2 left on base; Wausau 1 - Clinton 2
TOP OF THE 9TH
Wausau Timbers batting - Pitching for Clinton Pilots : RHP Richard Patterson
Pitching: RHP Greg Mize
Batting: RHB Rich Renteria 0-0: Foul Ball, location: 2F
0-1: Ball
1-1: Swinging Strike
1-2: Ground out 6-3 (Groundball, 6, EV 85.6 MPH)
Batting: SHB Herman Lewis 0-0: Foul Ball, location: 2F
0-1: Foul Ball, location: 2F
0-2: Ball
1-2: Ball
2-2: Ball
3-2: Base on Balls
Batting: LHB Ricky Seilheimer 0-0: SINGLE (Groundball, 34D, EV 105.0 MPH)
Herman Lewis to second
Runner from 2nd tries for 3rd, SAFE, throw by RF made to third
Batting: LHB Jerry Morton 0-0: Ball
1-0: Called Strike
1-1: Ball
2-1: Foul Ball, location: 2F
2-2: Strikes out swinging
Batting: SHB James Flores 0-0: Ball
1-0: Ball
2-0: Ball
3-0: Called Strike
3-1: Fly out, F8 (Line Drive, 8LD, EV 105.0 MPH)
Top of the 9th over - 0 runs, 1 hit, 0 errors, 2 left on base; Wausau 1 - Clinton 2
Thursday, August 6th, 2020 - OOTP Baseball 21.5 Build 76